 Dungeon Crawl Stone Soup version 0.30-a0-424-g7412bad402 (webtiles) character file.

Game seed: 4937501731852094903

67 McMuffin the Insei (level 3, -1/26 HPs)
             Began as a Demonspawn Transmuter on Dec 9, 2022.
             Was an Initiate of Ashenzari.
             Slain by an orc
             ... wielding a +0 club
              (3 damage)
             ... on level 3 of the Dungeon.
             The game lasted 00:14:55 (1527 turns).

McMuffin the Insei (Demonspawn Transmuter)          Turns: 1527, Time: 00:14:56

Health: -1/26      AC:  4    Str: 12    XL:     3   Next: 98%
Magic:  6/6        EV: 16    Int: 14    God:    Ashenzari [......]
Gold:   109        SH:  4    Dex: 13    Spells: 5/6 levels left

rFire   + + .      SeeInvis .      - Unarmed
rCold   x . .      Faith    .    (no shield)
rNeg    + + +      Spirit   .    n - +0 leather armour "Chained With Me" {Alch, Evo} (curse)
rPois   .          Reflect  .    (no helmet)
rElec   .          Harm     .    (no cloak)
rCorr   .          Rampage  .    (no gloves)
Will    .....                    q - +0 pair of boots
Stlth   ++........               (no amulet)
HPRegen 0.24/turn                f - ring of fire
MPRegen 0.10/turn                l - ring "Caodeus" {rF+ rN+++ EV+4 Slay-4 Stlth+}

@: no status effects
A: powered by death 1, condensation shield
a: Renounce Religion, Shatter the Chains


You were on level 3 of the Dungeon.
You worshipped Ashenzari.
Ashenzari was noncommittal.
You visited 1 branch of the dungeon, and saw 3 of its levels.

You collected 109 gold pieces.

Inventory:

Armour
 a - a +0 robe
 n - the cursed +0 leather armour "Chained With Me" (worn) {Alch, Evo}
   (You found it on level 2 of the Dungeon)

   It has a curse which improves the following skills: Alchemy: Poison Magic and
   Transmutations.
   Evocations: Evocations.
 q - a +0 pair of boots (worn)
Jewellery
 f - a ring of fire (left hand)
 l - the ring "Caodeus" (right hand) {rF+ rN+++ EV+4 Slay-4 Stlth+}
   (You found it on level 2 of the Dungeon)

   [ring of evasion]

   EV:        It affects your evasion (+4).
   Slay:      It affects your accuracy & damage with ranged weapons and melee
   (-4).
   rF:        It protects you from fire.
   rN:        It renders you almost immune to negative energy.
   Stlth:     It makes you more stealthy.
Scrolls
 d - 2 scrolls of teleportation {unknown}
 e - a scroll of noise {unknown}
 h - 2 scrolls of amnesia {unknown}
 i - a scroll of vulnerability {unknown}
 o - 4 scrolls of identify {unknown}
 p - a scroll of enchant weapon {unknown}
 s - a scroll of butterflies {unknown}
Potions
 b - 2 potions of lignification
 c - a potion of magic {unknown}
 g - a potion of haste {unknown}
 j - a potion of curing {unknown}
 k - a potion of brilliance {unknown}
 m - 2 potions of attraction {unknown}
 r - a potion of heal wounds {unknown}
 t - a potion of ambrosia {unknown}


   Skills:
 + Level 1.0 Fighting
 + Level 0.2 Armour
 + Level 2.1 Dodging
 + Level 3.4 Unarmed Combat
 + Level 2.4 Spellcasting
 + Level 2.5(2.9) Transmutations


You had 5 spell levels left.
You knew the following spells:

 Your Spells              Type           Power      Damage    Failure   Level
a - Beastly Appendage     Tmut           18%        N/A       9%          1

Your spell library contained the following spells:

 Spells                   Type           Power      Damage    Failure   Level
 Wereblood                Tmut           9%         N/A       13%         2
 Shock                    Conj/Air       4%         1d3       28%         1
 Spider Form              Tmut/Pois      5%         N/A       43%         3
 Hailstorm                Conj/Ice       1%         3d3       65%         3
 Inner Flame              Hex/Fire       2%         N/A       65%         3
 Swiftness                Air            1%         N/A       65%         3
 Ice Form                 Ice/Tmut       5%         N/A       83%         4
 Airstrike                Air            0%         2d(1-17)  96%         4
 Flame Wave               Conj/Fire      2%         2d4       96%         4
 Sticky Flame             Conj/Fire      2%         2d3       96%         4
 Simulacrum               Ice/Necr       0%         N/A       100%        6


Dungeon Overview and Level Annotations

Branches:
Dungeon (3/15)

Altars:
Ashenzari
Nemelex Xobeh


Innate Abilities, Weirdness & Mutations

You regenerate a little health from kills.
A meltable shield of frost defends you. (SH +4)


Message History

You hit the adder. You claw the adder.
You headbutt the adder, but do no damage.
The adder is severely wounded.
You feel sick. The adder bites you but does no damage.
The orc closely misses you. The adder barely misses you.
You closely miss the adder.
The adder is severely wounded.
You feel sick. You block the adder's attack.
The orc hits you but does no damage.
You closely miss the adder. Your kick misses the adder.
The adder is severely wounded.
Your transformation is almost over.
You feel sick.
You are no longer poisoned.
The adder barely misses you. The orc closely misses you.
You barely miss the adder. Your headbutt misses the adder.
The adder is severely wounded.
The adder bites you.
You are poisoned.
The adder poisons you! The orc completely misses you.
You closely miss the adder. You claw the adder.
You kill the adder!
You feel sick. The orc hits you with a +0 club.
* * * LOW HITPOINT WARNING * * *
You feel sick. The orc hits you but does no damage.
You see here an adder corpse.
You feel sick. The orc closely misses you.
You feel sick.
You feel sick.
You are no longer poisoned.
You closely miss the orc. The orc misses you.
You closely miss the orc. Your kick misses the orc.
Your horns disappear.
Your talons disappear.
Your +0 pair of boots unmelds from your body.
The orc hits you with a +0 club.
* * * LOW HITPOINT WARNING * * *
You barely miss the orc. The orc completely misses you.
You barely miss the orc. The orc hits you but does no damage.
You closely miss the orc. The orc hits you with a +0 club.
You die...

###### ###...........
#.......[.##.# # #@#.#
##.##.#.# #######o#.#
##...#.#.### #..>....#.#
#.#......[.#
.......†#.####.#.#.#.#.#
........#...............
........................
........#######.#..##...
#.......# #.#..###.#
#.......# #.#.......


You could see an orc.

Vanquished Creatures
  An adder (D:3)
  A worm (D:2)
  2 dart slugs (D:2)
  5 endoplasms
  6 giant cockroaches (D:1)
  3 goblins (D:2)
  4 hobgoblins
  4 kobolds
  4 quokkas
  4 ball pythons
  3 bats (D:2)
  3 frilled lizards
  5 rats
45 creatures vanquished.

Notes
Turn   | Place    | Note
-------+----------+-------------------------------------------
     0 | D:1      | McMuffin the Demonspawn Transmuter began the quest for the
                  | Orb.
     0 | D:1      | Reached XP level 1. HP: 15/15 MP: 3/3
   209 | D:1      | Reached skill level 3 in Unarmed Combat
   209 | D:1      | Gained mutation: A meltable shield of frost defends you.
                  | (SH +4) [demonic ancestry]
   209 | D:1      | Reached XP level 2. HP: 20/21 MP: 3/5
   577 | D:2      | Found a broken altar of Ashenzari.
   601 | D:2      | Identified the ring "Caodeus" {rF+ rN+++ EV+4 Slay-4
                  | Stlth+}
   606 | D:2      | Became a worshipper of Ashenzari the Shackled
   688 | D:2      | Gained mutation: You regenerate a little health from kills.
                  | [demonic ancestry]
   688 | D:2      | Reached XP level 3. HP: 25/26 MP: 6/6
  1393 | D:3      | Found a sparkling altar of Nemelex Xobeh.
  1524 | D:3      | HP: 1/26 [orc/+0 club (3)]
  1527 | D:3      | Slain by an orc

Illustrated notes

Levels and vault maps discovered:
D:1:      amcnicky_arrival_underground_garden, layout_basic
D:2:      layout_loops_ring, basic_altar
D:3:      layout_loops_ring, mainiacjoe_overflow_small_starburst,
          shapermc_ecumenical_altar_mp_highgroup, uniq_jessica

Skill      XL: |  1  2  3 |
---------------+----------+-----
Unarmed Combat | 3 |  3.4
Transmutations | 2 |  2.5
Dodging        | 2 |  2.1
Fighting       | |  1.0
Armour         | |  0.2
Spellcasting   | |  2.4

Action                   || total
-------------------------++-------
Melee: Unarmed           ||   159
       Kick              ||    35
       Headbutt          ||    23
       Punch             ||     2
 Cast: Beastly Appendage ||    34
Invok: Curse Item        ||     1
 Stab: Sleeping          ||     3
Armor: Robe              ||     9
       Leather armour    ||    15
Dodge: Dodged            ||    95
Block: Other             ||    22

Table legend: (Time is in decaauts)
 A = Elapsed time spent in this place.
 B = Non-inter-level travel time spent in this place.
 C = Inter-level travel time spent in this place.
 D = Time resting spent in this place.
 E = Time spent auto-exploring this place.
 F = Levels seen in this place.
 G = Mean time per level.
                   A        B        C        D        E       F      G
               +--------+--------+--------+--------+--------+-----+--------+
         Total |   1516 |   1516 |      0 |      0 |      0 |   3 |  505.3 |
       Dungeon |   1516 |   1516 |      0 |      0 |      0 |   3 |  505.3 |
               +--------+--------+--------+--------+--------+-----+--------+

Top non-repeatable levels by time:
     D:2: 792 daAuts
     D:1: 552 daAuts
     D:3: 171 daAuts
